Map: Winter's Gate LE

Players

goblin - Winner!

  • Race: Protoss Protoss
  • Spawn Location: 11:00

soul

  • Race: Terran Terran
  • League: Grandmaster
  • Spawn Location: 5:00

Event: NationWars 2019

VOD

Have the link to the VOD?

Description

Time

  • Played on: Nov. 17, 2019, 2:57 p.m.
  • Length: 7:41

All games in this series

Show
View Real Time Build Order
Export as new Build Order

goblin Protoss - Winner!

Build Orders: Zealot Archon, Dark Templar Rush 

Get SALT Encoding   

  12  0:00  Probe  
  13  0:12  Probe  
  14  0:18  Pylon  
  14  0:24  Probe (Chrono Boost)  
  15  0:37  Probe (Chrono Boost)  
  15  0:38  Gateway  
  16  0:45  Probe (Chrono Boost)  
  16  0:46  Assimilator  
  17  0:51  Probe  
  17  0:55  Assimilator  
  18  1:03  Probe (Chrono Boost)  
  19  1:13  Pylon  
  19  1:14  Probe (Chrono Boost)  
  20  1:19  Probe (Chrono Boost)  
  20  1:24  Cybernetics Core  
  21  1:31  Zealot  
  23  1:34  Probe  
  24  1:46  Probe  
  25  2:01  Twilight Council  
  25  2:03  Adept (Chrono Boost)  
  25  2:04  Robotics Facility  
  27  2:10  Warp Gate  
  27  2:19  Pylon  
  27  2:25  Adept  
  29  2:40  Dark Shrine  
  29  2:41  Gateway  
  29  2:59  Warp Prism (Chrono Boost)  
  31  3:38  Nexus  
  31  3:40  Pylon  
  31  3:59  Dark Templar x2  
  35  4:06  Warp Prism (Chrono Boost)  
  31  4:14  Probe  
  30  4:26  Probe  
  30  4:29  Blink  
  31  4:38  Probe  
  32  4:49  Immortal  
  32  4:50  Probe (Chrono Boost)  
  37  4:59  Probe (Chrono Boost)  
  38  5:00  Stalker  
  38  5:04  Stalker  
  43  5:08  Probe (Chrono Boost)  
  43  5:11  Probe (Chrono Boost)  
  42  5:15  Probe (Chrono Boost)  
  43  5:22  Probe  
  43  5:28  Stalker x2  
  48  5:38  Probe  
  48  5:39  Probe  
  48  5:40  Gateway x2  
  50  5:43  Observer (Chrono Boost)  
  51  5:50  Probe  
  51  5:56  Dark Templar  
  51  6:01  Stalker  
  53  6:04  Probe  
  54  6:11  Probe  
  53  6:27  Observer  
  53  6:34  Dark Templar  
  53  6:35  Zealot  
  53  6:36  Probe x2  
  59  6:42  Pylon, Archon  
  59  6:44  Stalker  
  59  6:45  Observer  
  61  6:48  Probe  
  62  6:58  Pylon x2  
  62  7:00  Probe x2  
  63  7:12  Probe x2, Zealot  
  63  7:13  Zealot  
  67  7:26  Probe x2  
Show
View Real Time Build Order
Export as new Build Order

soul Terran 

Build Orders:  

Get SALT Encoding   

  12  0:00  SCV  
  13  0:13  SCV  
  14  0:17  Supply Depot  
  14  0:25  SCV  
  15  0:38  SCV  
  15  0:40  Barracks  
  16  0:43  Refinery  
  16  0:50  SCV  
  17  1:02  SCV  
  18  1:14  SCV  
  19  1:28  Barracks Reactor, Orbital Command  
  19  1:39  Command Center  
  19  1:49  Supply Depot  
  19  1:54  SCV  
  20  2:04  Factory  
  20  2:05  Marine x2  
  22  2:09  SCV  
  23  2:21  SCV  
  23  2:22  Refinery  
  24  2:23  Marine x2  
  26  2:33  SCV  
  27  2:44  Marine x2  
  27  2:45  SCV  
  27  2:49  Starport  
  30  2:55  Bunker, Widow Mine  
  32  3:00  Orbital Command  
  32  3:03  Marine  
  33  3:05  Marine  
  34  3:13  SCV  
  34  3:18  Factory Tech Lab  
  35  3:25  SCV  
  36  3:27  SCV, Medivac  
  36  3:29  Supply Depot  
  39  3:37  Supply Depot, SCV, Marine  
  39  3:39  SCV  
  42  3:41  Marine  
  43  3:49  Cyclone  
  43  3:51  SCV  
  43  3:52  SCV  
  48  3:58  Marine  
  48  3:59  Marine  
  48  4:02  Starport Tech Lab  
  48  4:12  Engineering Bay  
  47  4:19  SCV x2  
  47  4:31  SCV  
  40  4:34  Marine  
  41  4:38  Supply Depot  
  41  4:39  Missile Turret  
  40  4:52  Raven  
  37  4:53  SCV  
  36  5:05  SCV  
  36  5:10  SCV  
  37  5:17  SCV  
  36  5:24  Cloaking Field  
  36  5:29  Marine  
  36  5:33  SCV  
  38  5:53  Supply Depot  
  38  6:09  SCV, Supply Depot  
  38  6:14  Banshee, SCV, Marine  
  42  6:22  SCV  
  42  6:24  Marine  
  44  6:26  SCV  
  37  6:34  SCV  
  37  6:35  Marine  
  37  6:37  Bunker  
  37  6:39  SCV  
  40  6:48  SCV  
  40  6:51  SCV  
  42  6:57  Banshee  
  42  7:00  SCV  
  45  7:02  Supply Depot  
  45  7:03  SCV  
  46  7:11  Marine  
  46  7:12  SCV  
  46  7:15  SCV  
  52  7:22  Marine  
  52  7:24  SCV  
Tags
 
Add a new tag
Caveats
  • Supply blocks, unpowered buildings, or Contaminate may cause inaccurate times.
  • Supply counts are checked every 10 seconds.